 Dungeon Crawl Stone Soup version 0.22-a0-362-g535178c (webtiles) character file.

5580 Deeps the Fighter (level 10, -4/99 HPs)
             Began as a Minotaur Fighter on Apr 21, 2018.
             Was a Priest of Okawaru.
             Slain by a death yak (21 damage)
             ... on level 7 of the Dungeon.
             The game lasted 00:14:30 (7938 turns).

Deeps the Fighter (Minotaur Fighter)                Turns: 7938, Time: 00:14:31

Health: -4/99      AC: 19    Str: 24    XL:     10   Next: 44%
Magic:  9/9        EV:  7    Int:  5    God:    Okawaru [***...]
Gold:   508        SH:  0    Dex: 10    Spells: 9/9 levels left

rFire    + . .     SeeInvis .   a - +1 war axe
rCold    x . .     Gourm    .   (no shield)
rNeg     . . .     Faith    .   e - +2 plate armour
rPois    +         Spirit   .   (helmet restricted)
rElec    .         Reflect  .   (no cloak)
rCorr    .         Harm     .   c - +1 pair of gloves
MR       .....                  m - +0 pair of boots
Stlth    ..........             (no amulet)
HPRegen  0.26/turn              I - ring of fire {rF+, rC-}
MPRegen  0.11/turn              h - ring of poison resistance {rPois, !d}

@: no status effects
A: retaliatory headbutt, horns 2
a: Heroism, Renounce Religion


You were on level 7 of the Dungeon.
You worshipped Okawaru.
Okawaru was most pleased with you.
You were very hungry.

You visited 2 branches of the dungeon, and saw 9 of its levels.
You also visited: Sewer.

You collected 508 gold pieces.

Inventory:

Hand Weapons
 a - a +1 war axe (weapon)
 q - a +0 hand crossbow
   (You found it on level 7 of the Dungeon)
 s - a +2 short sword of venom
   (You took it off Duvessa on level 7 of the Dungeon)
 C - a +0 mace of crushing
   (You took it off an orc on level 6 of the Dungeon)
 F - a cursed -1 dagger
   (You found it on level 7 of the Dungeon)
 L - a +1 whip of freezing
   (You took it off Pikel on level 7 of the Dungeon)
Missiles
 i - 89 arrows
Armour
 c - a +1 pair of gloves (worn)
   (You found it on level 5 of the Dungeon)
 e - a +2 plate armour (worn)
   (You found it on level 1 of the Dungeon)
 m - a +0 pair of boots (worn)
   (You found it on level 5 of the Dungeon)
 M - a +2 robe of resistance
   (You took it off Pikel on level 7 of the Dungeon)
Jewellery
 h - a ring of poison resistance (right hand) {rPois, !d}
   (You found it on level 5 of the Dungeon)
 n - an uncursed ring of stealth {Stlth+}
   (You found it on level 7 of the Dungeon)
 r - an uncursed ring of fire {rF+, rC-}
   (You found it on level 7 of the Dungeon)
 v - an uncursed ring of see invisible {sInv, !d}
   (You found it on level 8 of the Dungeon)
 I - a ring of fire (left hand) {rF+, rC-}
   (You found it on level 4 of the Dungeon)
 K - an uncursed ring of magical power {MP+9}
   (You found it on level 6 of the Dungeon)
Wands
 y - a wand of iceblast (7)
   (You found it on level 6 of the Dungeon)
 E - a wand of polymorph (27)
   (You found it on level 4 of the Dungeon)
Scrolls
 b - a scroll of fog
 g - 7 scrolls of teleportation
 j - 2 scrolls of identify
 k - a scroll of enchant weapon
 l - 6 scrolls of remove curse
 o - a scroll of immolation {!r}
 p - 2 scrolls of magic mapping {!r}
 t - a scroll of amnesia
 w - a scroll of silence
 G - a scroll of fear
Potions
 d - a potion of resistance
 u - a potion of magic {unknown}
 x - 5 potions of flight
 A - 3 potions of curing
 B - a potion of berserk rage {!q}
 D - 4 potions of might
 H - 2 potions of lignification {!q}
 J - a potion of cancellation
Comestibles
 f - 22 rations {@e1}


   Skills:
 + Level 12.5 Fighting
 + Level 12.3 Axes
 + Level 7.6 Armour
   Level 3.6 Shields


You had 9 spell levels left.
You didn't know any spells.

Dungeon Overview and Level Annotations

Branches:
Dungeon (8/15)             Temple (1/1) D:5            Lair (0/6) D:8

Altars:
Ashenzari
Cheibriados
Dithmenos
Elyvilon
Fedhas
Gozag
Hepliaklqana
Kikubaaqudgha
Makhleb
Nemelex Xobeh
Okawaru
Qazlal
Ru
Sif Muna
Trog
Uskayaw
Vehumet
Wu Jian
Xom
Yredelemnul
Zin
The Shining One


Innate Abilities, Weirdness & Mutations

You reflexively headbutt those who attack you in melee.
You have a pair of horns on your head.


Message History

The killer bee stings you.
You take 3 damage, and have 65/99 hp.
You slash the death yak! You miss the killer bee.
The killer bee stings you but does no damage. x2
You slash the death yak! You headbutt the death yak!
You barely miss the killer bee. The killer bee stings you.
The killer bee stings you but does no damage.
The death yak gores you!
You take 15 damage, and have 50/99 hp.
You are too injured to fight recklessly!
You are too injured to fight recklessly!
You are too injured to fight recklessly!
You are too injured to fight recklessly!
You are too injured to fight recklessly!
You are too injured to fight recklessly!
You are too injured to fight recklessly!
You are too injured to fight recklessly!
Unknown command.
The killer bee stings you but does no damage.
You see here a flail.
You miss the killer bee. The killer bee barely misses you. x2
You closely miss the killer bee.
You headbutt the killer bee, but do no damage.
You hit the death yak. Your headbutt misses the death yak.
You slash the death yak! You headbutt the death yak.
The death yak gores you but does no damage.
You slash the death yak! The death yak gores you.
You take 4 damage, and have 48/99 hp.
You slash the death yak!
You kill the death yak!
Okawaru accepts your kill.
Unknown command.
The killer bee stings you but does no damage.
You miss the killer bee. The killer bee barely misses you. x2
You hit the killer bee. Your headbutt misses the killer bee.
The killer bee stings you but does no damage. x2
You closely miss the killer bee. The killer bee stings you!
You take 7 damage, and have 42/99 hp.
Your plate armour prevents you from hitting the killer bee.
Your headbutt misses the killer bee. The killer bee closely misses you.
The killer bee stings you.
You take 1 damage, and have 41/99 hp.
You miss the killer bee. Your headbutt misses the killer bee.
The killer bee stings you but does no damage.
You hit the death yak. You hit the death yak. You headbutt the death yak!
The death yak barely misses you.
You hit the death yak.
You headbutt the death yak, but do no damage.
The death yak completely misses you.
You slash the death yak!
The death yak gores you but does no damage.
You slash the death yak! The death yak gores you.
You take 3 damage, and have 39/99 hp.
You slash the death yak! You headbutt the death yak. You hit the death yak.
The death yak gores you!
* * * LOW HITPOINT WARNING * * *
You take 14 damage, and have 26/99 hp.
You hit the death yak. The death yak gores you!
* * * LOW HITPOINT WARNING * * *
You take 11 damage, and have 15/99 hp.
Unknown command.
You hit the death yak but do no damage. You headbutt the death yak.
The death yak gores you.
* * * LOW HITPOINT WARNING * * *
You take 6 damage, and have 9/99 hp.
Unknown command.
You hit the death yak but do no damage. The death yak gores you.
* * * LOW HITPOINT WARNING * * *
You take 3 damage, and have 6/99 hp.
Unknown command.
There is an open door here.
There is a stone staircase leading up here.
The death yak gores you.
* * * LOW HITPOINT WARNING * * *
You climb upwards.
There is a stone staircase leading down here.
You take 4 damage, and have 9/99 hp.
Unknown command.
You are confused.
You feel invigorated. The death yak completely misses you.
You regained 4 hp, and now have 13/99 hp.
You barely miss the death yak. You headbutt the death yak!
The death yak gores you.
* * * LOW HITPOINT WARNING * * *
You regained 5 hp, and now have 19/99 hp.
You slice the death yak!! You headbutt the death yak.
You regained 4 hp, and now have 23/99 hp.
You hit the death yak. The death yak gores you!
* * * LOW HITPOINT WARNING * * *
You take 10 damage, and have 13/99 hp.
You hit the death yak.
You headbutt the death yak, but do no damage.
The death yak gores you.
* * * LOW HITPOINT WARNING * * *
You're too confused to move!
You feel less invigorated.
You feel less confused. The death yak gores you!!
You die...

#####################
#....................
#..............######
#..###########.##....
##..####### #.##.###
#....@Y>..# #.##.# #
#...#####.# #.##.# #
#.[.# #.# #.##.# # ####
#...#####.#####.##.# #
...#
####...............##.#
# ##.#
#...<..........######.#
#.# #.##..######.#.#
##.### #.# #.##..#
#.#.# ##.....
##.######.##..#
#[#=####..#...


You could see a death yak.

Vanquished Creatures
  A death yak (D:8)
  Pikel (D:7)
  An ugly thing (D:8)
  The ghost of jasper the Skirmisher, an amateur GnAK of Lugonu (D:4)
  Grinder (Sewer)
  2 hornets (D:8)
  A hippogriff (D:7)
  Sigmund (D:3)
  2 yaks (D:8)
  2 soldier ants (D:8)
  Duvessa (D:7)
  A black bear (D:6)
  An orc warrior (D:6)
  3 ice beasts
  7 ogres
  2 big kobolds (Sewer)
  Dowan (D:7)
  2 bullfrogs (D:7)
  2 howler monkeys
  2 crimson imps
  A quasit (Sewer)
  3 hounds
  A centaur zombie (D:6)
  A centaur skeleton (D:4)
  A bullfrog skeleton (D:7)
  A gnoll shaman (D:5)
  8 orc wizards
  3 orc priests
  An iguana (D:4)
  A worker ant (D:6)
  A big kobold zombie (Sewer)
  A hound skeleton (D:7)
  15 adders
  13 gnolls
  4 shadow imps (Sewer)
  An ufetubus (Sewer)
  2 oozes
  An adder skeleton (D:5)
  2 worms
  2 dart slugs
  3 leopard geckos
  21 orcs
  4 bats
  5 giant cockroaches
  5 hobgoblins
  12 jackals
  6 quokkas
  2 ball pythons
  6 frilled lizards
  A giant cockroach zombie (Sewer)
  9 goblins
  23 kobolds
  A kobold zombie (Sewer)
  2 leopard gecko skeletons
  A quokka skeleton (D:4)
  7 rats
  A fungus (D:4)
207 creatures vanquished.

Vanquished Creatures (others)
  2 slaves (D:7)
  An orc wizard (D:2)
  A worker ant (D:7)
4 creatures vanquished.

Grand Total: 211 creatures vanquished

Notes
Turn   | Place    | Note
-------+----------+-------------------------------------------
     0 | D:1      | Deeps the Minotaur Fighter began the quest for the Orb.
     0 | D:1      | Reached XP level 1. HP: 19/19 MP: 0/0
    77 | D:1      | Reached skill level 4 in Fighting
    87 | D:1      | Reached XP level 2. HP: 18/27 MP: 1/1
   190 | D:1      | Reached skill level 3 in Axes
   411 | D:1      | Reached XP level 3. HP: 34/34 MP: 2/2
   553 | D:2      | HP: 3/35 [gnoll/spear (7)]
   554 | D:2      | Reached skill level 4 in Axes
   554 | D:2      | Reached XP level 4. HP: 4/41 MP: 3/3
   602 | D:2      | Reached skill level 5 in Fighting
   862 | D:2      | Reached XP level 5. HP: 32/48 MP: 4/4
   882 | D:2      | HP: 12/49 [poisoned by an orc wizard]
   887 | D:2      | HP: 11/49 [poisoned by an orc wizard]
   894 | D:2      | HP: 10/49 [poisoned by an orc wizard]
   902 | D:2      | HP: 9/49 [poisoned by an orc wizard]
  1407 | D:2      | Reached skill level 5 in Axes
  2021 | D:3      | Reached skill level 6 in Fighting
  2109 | D:3      | Noticed Sigmund
  2121 | D:3      | Killed Sigmund
  2121 | D:3      | Reached skill level 6 in Axes
  2121 | D:3      | Reached XP level 6. HP: 53/58 MP: 5/5
  2251 | D:3      | Reached skill level 7 in Fighting
  2874 | D:4      | Noticed jasper's ghost (amateur GnAK)
  2882 | D:4      | Killed jasper's ghost
  2882 | D:4      | Reached skill level 7 in Axes
  2882 | D:4      | Reached XP level 7. HP: 52/67 MP: 6/6
  2920 | D:4      | Reached skill level 8 in Fighting
  3354 | D:4      | Reached skill level 8 in Axes
  3501 | D:4      | Found a glowing drain.
  3514 | Sewer    | Entered a sewer
  3640 | Sewer    | Found a burning altar of Makhleb.
  3647 | Sewer    | Reached XP level 8. HP: 75/75 MP: 7/7
  3666 | Sewer    | Reached skill level 9 in Fighting
  3722 | Sewer    | Noticed Grinder
  3735 | Sewer    | Paralysed by Grinder for 5 turns
  3742 | Sewer    | Killed Grinder
  3742 | Sewer    | Reached skill level 9 in Axes
  4468 | D:5      | Entered Level 5 of the Dungeon
  4488 | D:5      | Reached skill level 10 in Fighting
  4598 | D:5      | Reached skill level 10 in Axes
  4944 | D:5      | Found a staircase to the Ecumenical Temple.
  4974 | Temple   | Entered the Ecumenical Temple
  5199 | Temple   | Became a worshipper of Warmaster Okawaru
  5480 | D:5      | Reached XP level 9. HP: 86/86 MP: 8/8
  5555 | D:5      | Found a blossoming altar of Fedhas.
  5804 | D:6      | Reached skill level 11 in Fighting
  5866 | D:6      | Reached skill level 4 in Armour
  6063 | D:6      | You fall through a shaft for 2 floors!
  6118 | D:8      | Noticed a brown ugly thing
  6123 | D:8      | Reached * piety under Okawaru
  6133 | D:8      | Killed a brown ugly thing
  6133 | D:8      | Reached skill level 11 in Axes
  6133 | D:8      | Reached skill level 5 in Armour
  6819 | D:7      | Noticed Pikel
  6827 | D:7      | Killed Pikel
  6827 | D:7      | Reached ** piety under Okawaru
  6893 | D:7      | Reached skill level 6 in Armour
  7086 | D:7      | Noticed Duvessa
  7086 | D:7      | Noticed Dowan
  7094 | D:7      | Killed Duvessa
  7094 | D:7      | Reached XP level 10. HP: 97/97 MP: 9/9
  7117 | D:7      | Killed Dowan
  7172 | D:7      | Reached skill level 12 in Fighting
  7582 | D:8      | Reached skill level 12 in Axes
  7865 | D:8      | Noticed a death yak
  7865 | D:8      | Noticed a death yak
  7865 | D:8      | Found a staircase to the Lair.
  7866 | D:8      | Noticed a death yak
  7870 | D:8      | Reached *** piety under Okawaru
  7870 | D:8      | Reached skill level 7 in Armour
  7882 | D:8      | Killed a death yak
  7896 | D:8      | HP: 15/99 [death yak (11)]
  7898 | D:8      | HP: 6/99 [death yak (4)]
  7929 | D:8      | HP: 9/99 [death yak (5)]
  7936 | D:7      | HP: 13/99 [death yak (16)]
  7938 | D:7      | Slain by a death yak

Vault maps used:
D:1:      onia_arrival_mini_spirals, grunt_decor_cap
D:3:      minmay_misc_feat_roman, minmay_bisected, uniq_sigmund
D:4:      cheibrodos_sewer_entry_bend, enter_ossuary_2, first_ration,
          minmay_gold_behind_fungi, roderic_lattice_a, minmay_quantized
D:5:      fedhas_altar_4, minmay_temple_entry_nine_rooms
D:6:      minivault_24
D:7:      uniq_duvessa, uniq_pikel
D:8:      dpeg_lair_monsters, hangedman_pestilent_swarm
Temple:   nicolae_temple_the_god_donut
Sewer:    kennysheep_sewer_church

Skill      XL: |  1  2  3  4  5  6  7  8  9 10 |
---------------+-------------------------------+-----
Fighting       | 4 5 6 7 8 10 11 12 | 12.5
Axes           | 3 4 6 7 8 10 11 12 | 12.3
Armour         | 6 7 |  7.6
Shields        | |  3.6

Action                   |  1- 3 |  4- 6 |  7- 9 | 10-12 || total
-------------------------+-------+-------+-------+-------++-------
Melee: War axe           |    49 |   155 |   289 |    74 ||   567
       Headbutt          |     8 |    24 |    54 |    19 ||   105
  Use: Potion            |       |     2 |     5 |     1 ||     8
       Scroll            |       |       |    23 |       ||    23
  Eat: Chunk             |       |     6 |    10 |     2 ||    18
       Ration            |       |       |     1 |       ||     1
Armor: Scale mail        |     9 |       |       |       ||     9
       Plate armour      |    24 |   123 |   204 |    38 ||   389
Dodge: Dodged            |    26 |    40 |    99 |    20 ||   185

Table legend:
 A = Spawn XP
 B = Non-spawn XP
 C = Spawn XP percentage of total XP
 D = Spawn monster count
 E = Non-spawn monster count
 F = Spawn count percentage of total count
 G = Total turns spent on level
                    A         B        C        D         E        F      G
               +---------+---------+-------+---------+---------+-------+---------
         Total |       0 |    7972 |   0.0 |       0 |     207 |   0.0 |  7938
               +---------+---------+-------+---------+---------+-------+---------
           D:1 |       0 |      43 |   0.0 |       0 |      19 |   0.0 |   729
           D:2 |       0 |     213 |   0.0 |       0 |      22 |   0.0 |  1003
           D:3 |       0 |     398 |   0.0 |       0 |      37 |   0.0 |  1217
           D:4 |       0 |     854 |   0.0 |       0 |      21 |   0.0 |  1266
           D:5 |       0 |     703 |   0.0 |       0 |      27 |   0.0 |   833
           D:6 |       0 |     732 |   0.0 |       0 |      16 |   0.0 |   846
           D:7 |       0 |    1462 |   0.0 |       0 |      18 |   0.0 |   844
           D:8 |       0 |    2894 |   0.0 |       0 |      13 |   0.0 |   510
         Sewer |       0 |     673 |   0.0 |       0 |      34 |   0.0 |   393
               +---------+---------+-------+---------+---------+-------+---------

Vault maps used:
D:1:      onia_arrival_mini_spirals, grunt_decor_cap
D:3:      minmay_misc_feat_roman, minmay_bisected, uniq_sigmund
D:4:      cheibrodos_sewer_entry_bend, enter_ossuary_2, first_ration,
          minmay_gold_behind_fungi, roderic_lattice_a, minmay_quantized
D:5:      fedhas_altar_4, minmay_temple_entry_nine_rooms
D:6:      minivault_24
D:7:      uniq_duvessa, uniq_pikel
D:8:      dpeg_lair_monsters, hangedman_pestilent_swarm
Temple:   nicolae_temple_the_god_donut
Sewer:    kennysheep_sewer_church

Table legend:
 A = Turns spent in this place as a percentage of turns spent in the entire game.
 B = Non-inter-level travel turns spent in this place as a percentage of non-inter-level travel turns spent in the entire game.
 C = Inter-level travel turns spent in this place as a percentage of turns spent in this place.
 D = Turns resting spent in this place as a percentage of non-inter-level travel turns spent in this place.
 E = Turns spent auto-exploring this place as a percentage of non-inter-level travel turns spent in this place.
 F = Non-inter-level travel turns spent in this place divided by the number of levels of this place that you've seen.
                   A       B       C       D       E      F
               +-------+-------+-------+-------+-------+----------------------
         Total | 100.0 | 100.0 |   5.0 |  23.6 |  54.7 | 754.1
       Dungeon |  91.3 |  91.6 |   4.7 |  25.8 |  53.0 | 863.4
        Temple |   3.7 |   3.2 |  18.9 |   0.0 |  95.4 | 241.0
         Sewer |   5.0 |   5.2 |   0.0 |   0.0 |  60.1 | 393.0
               +-------+-------+-------+-------+-------+----------------------

Table legend:
 A = Kills in this place as a percentage of kills in entire the game.
 B = Kills by you in this place as a percentage of kills by you in the entire game.
 C = Kills by friends in this place as a percentage of kills by friends in the entire game.
 D = Other kills in this place as a percentage of other kills in the entire game.
 E = Experience gained in this place as a percentage of experience gained in the entire game.
 F = Experience gained in this place divided by the number of levels of this place that you have seen.
                   A       B       C       D       E      F
               +-------+-------+-------+-------+-------+----------------------
         Total | 100.0 | 100.0 |   N/A | 100.0 | 100.0 | 797.2
       Dungeon |  83.6 |  83.5 |   N/A | 100.0 |  91.6 | 912.4
         Sewer |  16.4 |  16.5 |   N/A |   0.0 |   8.4 | 673.0
               +-------+-------+-------+-------+-------+----------------------
